 Dungeon Crawl Stone Soup version 0.21-a0-2-ge494091 (webtiles) character file.

1583 grindst0ne the Covered (level 8, -6/73 HPs)
             Began as a Minotaur Fighter on May 22, 2017.
             Was an Initiate of Okawaru.
             Killed from afar by an electric eel (7 damage)
             ... with a bolt of electricity
             ... on level 7 of the Dungeon.
             The game lasted 00:12:01 (6754 turns).

grindst0ne the Covered (Minotaur Fighter)           Turns: 6754, Time: 00:12:02

Health: -6/73      AC: 14    Str: 21    XL:     8   Next: 60%
Magic:  7/7        EV:  9    Int:  5    God:    Okawaru [......]
Gold:   391        SH: 11    Dex: 12    Spells: 7/7 levels left

rFire    . . .     SeeInvis .   t - +0 war axe
rCold    . . .     Gourm    .   c - +0 shield
rNeg     . . .     Faith    .   H - +4 ring mail
rPois    .         Spirit   .   (helmet restricted)
rElec    .         Reflect  .   J - +2 cloak {+Inv}
rCorr    .         Harm     .   (no gloves)
MR       .....                  (no boots)
Stlth    +.........             (no amulet)
Regen    0.3/turn               (no ring)
MPRegen  0.1/turn               (no ring)

@: no status effects
A: retaliatory headbutt, horns 2
a: Renounce Religion, Evoke Invisibility


You were on level 7 of the Dungeon.
You worshipped Okawaru.
Okawaru was noncommittal.
You were hungry.

You visited 2 branches of the dungeon, and saw 8 of its levels.

You collected 391 gold pieces.

Inventory:

Hand Weapons
 a - a +0 war axe
 r - a +0 blowgun
 t - a +0 war axe (weapon)
 G - the +4 Vampire's Tooth {vamp}
   (You found it on level 5 of the Dungeon)

   It inflicts no extra harm, but heals its wielder when it wounds a living foe.
Missiles
 s - 8 poisoned needles
 w - 8 tomahawks (quivered)
Armour
 b - a +0 scale mail
 c - a +0 shield (worn)
 x - a +0 chain mail
 H - a +4 ring mail (worn)
 J - a +2 cloak of invisibility (worn)
Jewellery
 y - an uncursed ring of flight {unknown}
Scrolls
 e - a scroll of recharging {unknown}
 j - 3 scrolls of identify {unknown}
 k - 3 scrolls of teleportation {unknown}
 m - 3 scrolls of enchant weapon {unknown}
 n - 6 scrolls of remove curse {unknown}
 o - 6 scrolls of fog {unknown}
 q - 3 scrolls of immolation {unknown}
 u - 3 scrolls of noise {unknown}
 E - a scroll of enchant armour {unknown}
 L - a scroll of amnesia {unknown}
 N - 2 scrolls of fear {unknown}
Potions
 d - 3 potions of might
 g - 2 potions of flight {unknown}
 h - a potion of berserk rage
 l - 6 potions of heal wounds {unknown}
 p - a potion of brilliance {unknown}
 v - 2 potions of ambrosia {unknown}
 z - 3 potions of curing {unknown}
 A - a potion of lignification {unknown}
 B - 2 potions of magic {unknown}
 C - 2 potions of agility {unknown}
 D - a potion of resistance {unknown}
 M - a potion of mutation {unknown}
Comestibles
 f - 4 bread rations
 i - 9 fruits
 F - a meat ration
 K - a royal jelly


   Skills:
 + Level 7.4 Fighting
 + Level 6.9 Axes
 + Level 7.5 Armour
 + Level 7.4 Shields


You had 7 spell levels left.
You didn't know any spells.

Dungeon Overview and Level Annotations

Branches:
Dungeon (7/15)             Temple (1/1) D:6

Altars:
Ashenzari
Cheibriados
Dithmenos
Elyvilon
Fedhas
Gozag
Hepliaklqana
Kikubaaqudgha
Makhleb
Nemelex Xobeh
Okawaru
Qazlal
Ru
Sif Muna
Trog
Uskayaw
Vehumet
Wu Jian
Xom
Yredelemnul
Zin
The Shining One

Annotations:
D:7 Prince Ribbit


Innate Abilities, Weirdness & Mutations

You reflexively headbutt those who attack you in melee.
You have a pair of horns on your head.


Message History

The bolt of electricity hits you!
Okay, then.
Okay, then.
You fail to use your ability.
The electric eel shoots out a bolt of lightning at you!
The bolt of electricity hits you!
The electric eel shoots out a bolt of lightning at you!
The bolt of electricity hits you!
The electric eel shoots out a bolt of lightning at you!
The bolt of electricity hits you!
* * * LOW HITPOINT WARNING * * *
The electric eel shoots out a bolt of lightning at you!
The bolt of electricity hits you!
* * * LOW HITPOINT WARNING * * *
The electric eel shoots out a bolt of lightning at you!
The bolt of electricity hits you!
* * * LOW HITPOINT WARNING * * *
The electric eel shoots out a bolt of lightning at you!
The bolt of electricity hits you!
You die...

....## #.# #.## ...## #.# .#
.### #.# .# ## #.# # #.# #.#
##.## ############...# #
#.............@######♣♣♣♣
###.##########...≈≈≈≈P≈P≈≈♣♣
..#[# #...≈≈≈≈;≈≈≈≈≈P ....#
#...PP≈≈P≈≈≈≈≈≈ .....#
#....PP≈P≈≈≈≈≈≈ ).....#
#...≈≈P≈P≈≈≈≈≈≈ ......#
#.....≈≈P≈≈≈≈≈≈ ......#
#....PP≈P≈≈≈≈≈≈ .....##
#...≈≈≈P≈≈≈≈≈≈≈


You could see an electric eel.

Vanquished Creatures
  2 ice beasts
  An ogre (D:5)
  2 centaurs (D:6)
  2 bullfrogs (D:6)
  A scorpion (D:4)
  An electric eel (D:7)
  2 vampire bats (D:5)
  2 crimson imps
  A hound (D:6)
  A jelly (D:5)
  5 orc priests
  2 bullfrog skeletons (D:5)
  2 iguanas
  6 orc wizards
  4 worker ants
  9 adders
  An ooze (D:1)
  An adder skeleton (D:4)
  4 worms
  A dart slug (D:3)
  7 leopard geckos
  24 orcs
  11 bats
  3 giant cockroaches
  8 goblins
  5 hobgoblins
  2 jackals (D:4)
  2 quokkas
  2 ball pythons
  3 frilled lizards
  9 kobolds
  7 rats
133 creatures vanquished.

Vanquished Creatures (others)
  A plant (D:7)
1 creature vanquished.

Grand Total: 134 creatures vanquished

Notes
Turn   | Place    | Note
-------+----------+-------------------------------------------
     0 | D:1      | grindst0ne the Minotaur Fighter began the quest for the Orb.
     0 | D:1      | Reached XP level 1. HP: 19/19 MP: 0/0
   115 | D:1      | Found a shimmering altar of Xom.
   200 | D:1      | Reached XP level 2. HP: 19/27 MP: 1/1
   524 | D:1      | Reached XP level 3. HP: 23/33 MP: 2/2
   762 | D:2      | You fall through a shaft!
  1176 | D:2      | Reached XP level 4. HP: 37/40 MP: 3/3
  1468 | D:3      | Reached XP level 5. HP: 16/47 MP: 4/4
  1833 | D:3      | Found an iron altar of Okawaru.
  2079 | D:3      | Reached skill level 5 in Shields
  2602 | D:4      | Reached skill level 5 in Fighting
  2610 | D:4      | Reached skill level 5 in Armour
  2617 | D:4      | Reached XP level 6. HP: 36/56 MP: 5/5
  3127 | D:4      | Reached skill level 5 in Axes
  3441 | D:4      | Reached XP level 7. HP: 62/62 MP: 6/6
  3458 | D:5      | Entered Level 5 of the Dungeon
  4409 | D:6      | Reached XP level 8. HP: 54/71 MP: 7/7
  4969 | D:6      | Found a bloodstained altar of Trog.
  5053 | D:6      | Found a staircase to the Ecumenical Temple.
  5064 | Temple   | Entered the Ecumenical Temple
  5414 | D:3      | Became a worshipper of Warmaster Okawaru
  5483 | D:7      | Noticed Prince Ribbit
  6753 | D:7      | HP: 1/73 [electric eel/bolt of electricity (4)]
  6754 | D:7      | Killed from afar by an electric eel

Vault maps used:
D:1:      dpeg_arrival_tiny_c, xom_teletrap_fun
D:3:      okawaru_gym_becter, serial_glass, glass_columns_a, glass_columns_c,
          glass_columns_b, glass_columns_b
D:4:      first_bread
D:5:      minmay_misc_feat_columns, minmay_guarded_unrand_vampires_tooth
D:6:      temple_green, basic_altar, roderic_lattice_a
D:7:      serial_bayou, serial_bayou_pond_c, serial_bayou_shore_a,
          serial_bayou_pond_c, serial_bayou_pond_e, uniq_prince_ribbit1
Temple:   nicolae_temple_the_god_donut

Skill      XL: |  1  2  3  4  5  6  7  8 |
---------------+-------------------------+-----
Armour         | 4 5 6 7 |  7.5
Fighting       | 4 5 6 7 |  7.4
Shields        | 4 5 6 7 |  7.4
Axes           | 3 4 5 6 |  6.9

Action                   |  1- 3 |  4- 6 |  7- 9 || total
-------------------------+-------+-------+-------++-------
Melee: War axe           |    93 |   138 |   156 ||   387
       Headbutt          |    14 |    26 |    36 ||    76
  Use: Potion            |       |     1 |       ||     1
  Eat: Chunk             |     1 |     7 |     6 ||    14
       Bread ration      |       |       |     1 ||     1
Armor: Scale mail        |    27 |    48 |       ||    75
       Chain mail        |       |    34 |    33 ||    67
       Ring mail         |       |       |    35 ||    35
Dodge: Dodged            |    26 |    47 |    51 ||   124
Block: Shield            |    61 |    72 |    93 ||   226
